 Dungeon Crawl Stone Soup version 0.24.0-41-g2ae2f7f1be (webtiles) character file.

Game seed: 7423726939493032628, levelgen mode: deterministic

345597 KeeTraxx the Impaler (level 22, -3/173 HPs)
             Began as a Gnoll Skald on Dec 4, 2019.
             Was the Champion of Okawaru.
             Slain by deprived's ghost (25 damage)
             ... on level 3 of the Vaults on Dec 9, 2019.
             The game lasted 04:08:20 (47786 turns).

KeeTraxx the Impaler (Gnoll Skald)                 Turns: 47786, Time: 04:08:20

Health: -3/173     AC: 33    Str: 20    XL:     22   Next: 10%
Magic:  4/40       EV: 23    Int: 26    God:    Okawaru [******]
Gold:   2196       SH: 18    Dex: 16    Spells: 3/50 levels left

rFire    + + +     SeeInvis .   a - +9 demon trident (elec)
rCold    . . .     Gourm    .   Q - +2 shield {rF+}
rNeg     . . .     Faith    .   v - +5 fire dragon scales
rPois    +         Spirit   .   O - +0 helmet {Int+3}
rElec    +         Reflect  .   T - +2 cloak "Beerem" {rElec Str+3 Dex+2}
rCorr    .         Harm     .   f - +2 pair of gloves {archery}
MR       +++..                  H - +2 pair of boots of the Assassin {Detection Stab+ Stlth++}
Stlth    ++++++++..             N - amulet of Keseadog {+Rage rPois MR+}
HPRegen  0.38/turn              D - ring of protection from magic
MPRegen  0.27/turn              b - ring of Osmodgh {rPois rC+}

@: about to teleport, heroism, very slightly contaminated, studying Polearms,
deflect missiles
A: distributed training, fangs 1, strong nose
}: 2/15 runes: serpentine, barnacled
a: Heroism, Finesse, Renounce Religion, Evoke Berserk Rage


You were on level 3 of the Vaults.
You worshipped Okawaru.
Okawaru was exalted by your worship.
You were not hungry.

You visited 9 branches of the dungeon, and saw 40 of its levels.
You also visited: Trove and Bailey.

You collected 4089 gold pieces.
You spent 1893 gold pieces at shops.

Inventory:

Hand Weapons
 a - a +9 demon trident of electrocution (weapon)
Missiles
 g - 38 silver javelins (quivered)
 r - 8 curare-tipped darts
 x - 16 throwing nets
Armour
 f - a +2 pair of gloves of archery (worn)
 v - +5 fire dragon scales (worn)
 H - the +2 pair of boots of the Assassin (worn) {Detection Stab+ Stlth++}
   (Okawaru gifted it to you on level 4 of the Shoals)

   It makes you much more stealthy.
 O - a +0 helmet of intelligence (worn)
 Q - a +2 shield of fire resistance (worn)
 T - the +2 cloak "Beerem" (worn) {rElec Str+3 Dex+2}
   (Okawaru gifted it to you on level 1 of the Depths)

   It affects your strength (+3).
   It affects your dexterity (+2).
   It insulates you from electricity.
Jewellery
 b - the ring of Osmodgh (right hand) {rPois rC+}
   (You bought it in a shop on level 1 of the Snake Pit)

   [ring of protection from cold]

   It protects you from cold.
   It protects you from poison.
 i - an uncursed ring of see invisible
 D - a ring of protection from magic (left hand)
 L - the ring "Niw Joon" {Ice +Blink rElec rPois}
   (You bought it in a shop on level 2 of the Elven Halls)

   [ring of ice]

   It enhances your ice magic.
   It makes you vulnerable to fire.
   It protects you from cold.
   It insulates you from electricity.
   It protects you from poison.
   It lets you blink.
 N - the amulet of Keseadog (around neck) {+Rage rPois MR+}
   (You took it off a deep elf demonologist on level 3 of the Elven Halls)

   [amulet of rage]

   It protects you from poison.
   It affects your resistance to hostile enchantments.
   It lets you go berserk.
Wands
 q - a wand of iceblast (10)
 y - a wand of clouds (10)
 M - a wand of digging (27)
 Z - a wand of acid (7)
Scrolls
 c - a scroll of enchant weapon
 j - 9 scrolls of identify
 l - 9 scrolls of teleportation
 n - 9 scrolls of magic mapping
 p - 4 scrolls of blinking
 t - 2 scrolls of silence
 w - 7 scrolls of fear
 I - 18 scrolls of remove curse
 K - 3 scrolls of fog
 P - a scroll of vulnerability
 R - 4 scrolls of immolation
 V - 3 scrolls of summoning
 Y - 2 scrolls of amnesia
Potions
 e - 10 potions of agility
 h - 17 potions of curing
 k - a potion of magic
 m - 8 potions of might
 o - 10 potions of brilliance
 s - 6 potions of flight
 u - 5 potions of lignification
 z - 3 potions of heal wounds
 A - a potion of ambrosia
 F - 4 potions of mutation
 J - 3 potions of cancellation
 S - a potion of resistance
 U - 7 potions of haste
 W - a potion of berserk rage
Books
 E - a manual of Polearms
Miscellaneous
 B - 3 sacks of spiders
 C - 3 phantom mirrors
 X - a fan of gales
Comestibles
 d - 62 rations


   Skills:
 + Level 14.7(19.7) Fighting
 + Level 14.1(19.1) Short Blades
 + Level 14.1(19.1) Long Blades
 + Level 14.1(19.1) Axes
 + Level 14.1(19.1) Maces & Flails
 + Level 15.6(20.6) Polearms
 + Level 14.1(19.1) Staves
 + Level 14.1(19.1) Slings
 + Level 14.1(19.1) Bows
 + Level 14.1(19.1) Crossbows
 + Level 14.1(19.1) Throwing
 + Level 14.3(19.3) Armour
 + Level 14.7(19.7) Dodging
 + Level 14.1(19.1) Stealth
 + Level 14.1(19.1) Shields
 + Level 14.1(19.1) Unarmed Combat
 + Level 14.8 Spellcasting
 + Level 12.2 Conjurations
 + Level 12.2 Hexes
 + Level 13.1 Charms
 + Level 12.2 Summonings
 + Level 12.2 Necromancy
 + Level 12.2 Translocations
 + Level 12.2 Transmutations
 + Level 12.2 Fire Magic
 + Level 12.2 Ice Magic
 + Level 12.2 Air Magic
 + Level 12.2 Earth Magic
 + Level 12.2 Poison Magic
 + Level 15.5 Invocations
 + Level 14.1 Evocations


You had 3 spell levels left.
You knew the following spells:

 Your Spells              Type           Power        Failure   Level  Hunger
a - Fireball              Conj/Fire      ######....   1%          5    #......
b - Regeneration          Chrm/Necr      ######....   1%          3    None
c - Spectral Weapon       Hex/Chrm       ######..     1%          3    None
d - Summon Lightning Spi  Summ/Air       ######..     1%          4    None
e - Mephitic Cloud        Conj/Pois/Air  ######..     1%          3    None
f - Summon Butterflies    Summ           ######..     1%          1    None
g - Deflect Missiles      Chrm/Air       ######....   4%          6    ####...
h - Confusing Touch       Hex            ######       1%          1    None
i - Apportation           Tloc           ######       1%          1    None
j - Freezing Cloud        Conj/Ice/Air   ######....   6%          6    ####...
k - Invisibility          Hex            ######..     6%          6    ####...
l - Blink                 Tloc           N/A          1%          2    None
m - Shadow Creatures      Summ           N/A          6%          6    ####...

Your spell library contained the following spells:

 Spells                   Type           Power        Failure   Level  Hunger
 Animate Skeleton         Necr           N/A          1%          1    None
 Corona                   Hex            ######.      1%          1    None
 Flame Tongue             Conj/Fire      #####        1%          1    None
 Infusion                 Chrm           ####         1%          1    None
 Magic Dart               Conj           ####         1%          1    None
 Shock                    Conj/Air       ####         1%          1    None
 Summon Small Mammal      Summ           ####         1%          1    None
 Call Imp                 Summ           ######..     1%          2    None
 Corpse Rot               Necr           N/A          1%          2    None
 Poisonous Vapours        Pois/Air       ######       1%          2    None
 Shroud of Golubria       Chrm/Tloc      ######       1%          2    None
 Slow                     Hex            ######..     1%          2    None
 Song of Slaying          Chrm           ######..     1%          2    None
 Sublimation of Blood     Necr           ######....   1%          2    None
 Swiftness                Chrm/Air       ######..     1%          2    None
 Throw Flame              Conj/Fire      ######       1%          2    None
 Call Canine Familiar     Summ           ######..     1%          3    None
 Confuse                  Hex            ######..     1%          3    None
 Conjure Flame            Conj/Fire      ######..     1%          3    None
 Gell's Gravitas          Tloc           ######....   1%          3    None
 Inner Flame              Hex/Fire       ######..     1%          3    None
 Lesser Beckoning         Tloc           ######....   1%          3    None
 Portal Projectile        Hex/Tloc       ######       1%          3    None
 Recall                   Summ/Tloc      N/A          1%          3    None
 Static Discharge         Conj/Air       ######..     1%          3    None
 Summon Guardian Golem    Hex/Summ       ######..     1%          3    None
 Teleport Other           Tloc           ######..     1%          3    None
 Tukima's Dance           Hex            ######..     1%          3    None
 Airstrike                Air            ######....   1%          4    None
 Cause Fear               Hex            ######....   1%          4    None
 Force Lance              Conj/Tloc      ######..     1%          4    None
 Leda's Liquefaction      Hex/Erth       ######....   1%          4    None
 Olgreb's Toxic Radiance  Pois           ######..     1%          4    None
 Passage of Golubria      Tloc           N/A          1%          4    None
 Petrify                  Tmut/Erth      ######..     1%          4    None
 Sticky Flame             Conj/Fire      ######..     1%          4    None
 Summon Ice Beast         Ice/Summ       ######..     1%          4    None
 Agony                    Necr           ######..     1%          5    #......
 Alistair's Intoxication  Tmut/Pois      ######..     1%          5    #......
 Aura of Abjuration       Summ           ######....   1%          5    #......
 Bolt of Draining         Conj/Necr      ######....   1%          5    #......
 Dispel Undead            Necr           ######..     1%          5    #......
 Excruciating Wounds      Chrm/Necr      ######....   1%          5    #......
 Lightning Bolt           Conj/Air       ######....   1%          5    #......
 Metabolic Englaciation   Hex/Ice        ######....   1%          5    #......
 Silence                  Hex/Air        ######....   1%          5    #......
 Summon Demon             Summ           ######....   1%          5    #......
 Summon Forest            Summ/Tloc      ######....   1%          5    #......
 Summon Mana Viper        Hex/Summ       ######..     1%          5    #......
 Yara's Violent Unravell  Hex/Tmut       ######....   1%          5    #......
 Ring of Flames           Chrm/Fire      ######....   26%         7    ######.
 Summon Hydra             Summ           ######....   32%         7    ######.


Dungeon Overview and Level Annotations

Branches:
Dungeon (15/15)            Temple (1/1) D:7            Lair (6/6) D:10
 Shoals (4/4) Lair:3        Snake (4/4) Lair:3        Slime (0/5) Lair:6
    Orc (2/2) D:12            Elf (3/3) Orc:2        Vaults (4/5) D:14
  Crypt (0/3) Vaults:2     Depths (1/5) D:15         Bailey (visited)

Altars:
Ashenzari
Cheibriados
Dithmenos
Elyvilon
Fedhas
Gozag
Hepliaklqana
Kikubaaqudgha
Makhleb
Nemelex Xobeh
Okawaru
Qazlal
Sif Muna
Trog
Uskayaw
Vehumet
Wu Jian
Xom
Yredelemnul
Zin
The Shining One
Beogh

Shops:
D:4 [   D:5 %   D:12 [   Orc:2 (:%*   Elf:2 =   Snake:1 =}=   Vaults:2 :
Vaults:3 [   Depths:1 **

Portals:
Pandemonium: Orc:2

Annotations:
D:3 2 transporters, MJtheKandyman's ghost, amateur HOFi
Lair:6 2 transporters, Litydd's ghost, journeyman OpCj
Shoals:1 2 transporters
Snake:4 2 transporters, Flugslaktarn's ghost, journeyman DDFi
Elf:2 3 runed translucent doors
Vaults:3 astronautguy's ghost, master FoEE; deprived's ghost, veteran HOFi
Depths:1 3 runed translucent doors, exclusion: obsidian statue, TheNamelessOne's ghost, journeyman FoFi


Innate Abilities, Weirdness & Mutations

Your experience applies equally to all skills.
You have very sharp teeth.
Your uncanny sense of smell can sniff out nearby items.


Message History

* * * LOW HITPOINT WARNING * * *
Your yaktaur captain misses astronautguy's ghost.
You puncture the butterfly!
You kill the butterfly!
Deprived's ghost hits you.
* * * LOW HITPOINT WARNING * * *
Unknown command.
Astronautguy's ghost casts a spell at you.
The bolt of fire misses you.
Your yaktaur captain hits astronautguy's ghost but does no damage.
There is an open door, spattered with blood here.
Things that are here:
a +1 long sword of holy wrath; a +0 chain mail
As you read the scroll of teleportation, it crumbles to dust.
You feel strangely unstable.
Deprived's ghost is no longer covered in acid.
Your yaktaur captain wields a +0 arbalest.
Your yaktaur captain shoots a bolt.
The bolt hits astronautguy's ghost!!
The bolt dissolves into shadows!
Deprived's ghost hits you!!
You die...

........##..####+####..##........
........##.###.....###.##........
........###.#.#...#.#.###........
######..##..#..#.#..#..##........
.....#..#...'...#...+.).'........
.....#..##..#..#.#..#).##........
.....#..###.#.#...#.#.###......##
.....#..##.###..)..###.##......#.
.....#..##..####@####..##......#.
.....#..##.>{#.(W..#...##......#.
.....#..##....#.Wb#....##......#.
.....#..########.########......#.
###'##..########c.#######......#.
.............#....b....#.......#.
.............#..b.[....#.....####
.............####...####.....#..#
.............#........##...###..#


You could see astronautguy's ghost, deprived's ghost and a friendly yaktaur
captain.

Vanquished Creatures
  2 ancient liches (Vaults:3)
  Saint Roka (Snake:3)
  Nikola (Vaults:1)
  A bone dragon (Vaults:2)
  Rupert (D:13)
  Asterion (Elf:1)
  A kraken (Shoals:3)
  A deep elf blademaster (Elf:3)
  A shadow dragon (Vaults:3)
  A storm dragon (Vaults:3)
  Ilsuiw (Shoals:4)
  A tengu reaver (Depths:1)
  6 nagarajas (Snake:4)
  3 deep elf sorcerers (Elf:3)
  A frost giant (Shoals:4)
  8 vault wardens
  An orc warlord (Orc:2)
  5 deep elf elementalists
  4 very ugly things (Depths:1)
  2 stone giants (Depths:1)
  7 ironheart preservers
  3 entropy weavers
  8 deep elf demonologists
  5 deep elf annihilators
  5 deep elf death magi
  5 merfolk javelineers
  An ettin (Vaults:3)
  7 merfolk impalers
  5 fire dragons
  2 ogre magi
  6 yaktaur captains
  The ghost of kaycho the Cleaver, a journeyman DrTm of Gozag (D:11)
  5 deep elf high priests (Elf:3)
  2 great orbs of eyes
  Josephine (D:10)
  Harold (D:7)
  6 vault guards
  2 ice dragons (Vaults:3)
  10 naga warriors
  An alligator snapping turtle (Shoals:4)
  4 anacondas
  3 rakshasas
  A catoblepas (Lair:6)
  3 hydras
  7 centaur warriors
  13 dancing weapons
  6 merfolk avatars
  13 two-headed ogres
  3 death knights
  Erica (D:9)
  8 merfolk aquamancers
  A deep troll shaman (Lair:6)
  11 death yaks
  A queen ant (Lair:3)
  4 spriggan berserkers (Elf:3)
  2 tengu warriors
  A deep troll earth mage (Vaults:2)
  12 naga sharpshooters
  7 orc high priests (Orc:2)
  Urug (Lair:5)
  2 small abominations
  4 shock serpents
  6 deep elf knights
  A shadow wraith (Vaults:2)
  Sonja (Lair:5)
  A sixfirhy (Orc:2)
  2 salamander mystics (Snake:3)
  4 unseen horrors
  A flayed ghost (Vaults:3)
  A torturous demonspawn (Orc:2)
  6 wizards
  9 deep trolls
  8 naga ritualists
  A lindwurm (Lair:6)
  13 sea snakes
  8 deep elf archers
  Pikel (D:5)
  2 phantasmal warriors (Vaults:1)
  2 infernal demonspawn (Orc:2)
  An orange crystal statue (Elf:2)
  15 harpies
  11 ironbrand convokers
  46 deep elf magi
  6 necromancers
  12 orc knights
  20 ugly things
  9 mana vipers
  4 wolf spiders
  3 salamanders
  6 orc sorcerers
  10 manticores
  9 cyclopes
  15 fauns
  2 human zombies (Vaults:2)
  4 centaur zombies
  A fire giant skeleton (Vaults:2)
  2 guardian serpents
  5 vault sentinels
  13 elephants
  19 naga magi
  6 water nymphs
  10 merfolk sirens
  An eye of devastation (shapeshifter) (Vaults:3)
  2 gargoyles
  33 black mambas
  9 spiny frogs
  An orange demon (Orc:2)
  4 rime drakes
  27 yaktaurs
  3 freezing wraiths
  A kobold demonologist (D:12)
  A rime drake (shapeshifter) (D:15)
  A komodo dragon (shapeshifter) (Vaults:3)
  3 komodo dragons
  An efreet (D:15)
  A harpy zombie (D:14)
  A hellwing (Orc:2)
  9 trolls
  7 hornets
  29 merfolk
  20 blink frogs
  17 slime creatures
  6 wind drakes
  2 polar bears (Lair:6)
  A wind drake (shapeshifter) (Depths:1)
  11 snapping turtles
  18 dream sheep
  A stone giant simulacrum (Vaults:2)
  15 hippogriffs
  4 redbacks
  3 air elementals
  A tarantella (Vaults:3)
  2 centaur simulacra
  A ynoxinul (Orc:2)
  11 water elementals
  44 yaks
  2 wyverns
  9 wraiths
  2 basilisks (Lair:2)
  2 shadows
  A steam dragon (D:12)
  A human (shapeshifter) (Vaults:3)
  22 humans
  8 vampire mosquitoes
  Grum (D:9)
  A neqoxec (Orc:2)
  2 fire elementals (Elf:1)
  5 hungry ghosts
  8 wargs
  A two-headed ogre zombie (D:12)
  An acid dragon (D:14)
  2 insubstantial wisps (Lair:1)
  34 nagas
  24 water moccasins
  8 soldier ants
  A swamp worm (shapeshifter) (Vaults:3)
  Duvessa (D:7)
  6 porcupines
  48 orc warriors
  5 ice beasts
  5 sky beasts
  2 eyes of draining
  24 ogres
  2 black bears
  3 boggarts (Vaults:1)
  2 phantoms (D:12)
  11 wolves
  36 centaurs
  12 crocodiles
  2 big kobolds
  22 bullfrogs
  A gnoll sergeant (Orc:1)
  2 earth elementals (Elf:1)
  Dowan (D:7)
  A wyvern skeleton (D:12)
  5 scorpions
  3 troll zombies (D:12)
  11 killer bees
  14 wights
  A howler monkey (D:5)
  A crimson imp (D:15)
  3 bullfrog zombies
  A human simulacrum (Vaults:3)
  5 jellies
  A quasit (D:8)
  A lava snake (Lair:2)
  A gnoll shaman (D:8)
  7 centaur skeletons
  24 orc priests
  8 hounds
  24 orc wizards
  Crazy Yiuf (D:4)
  3 iguanas
  32 worker ants
  4 ogre zombies (D:12)
  A hound zombie (D:7)
  A hound skeleton (D:9)
  A worker ant zombie (D:11)
  7 gnolls
  22 adders
  2 shadow imps
  5 oozes
  An adder skeleton (D:9)
  2 worms (D:3)
  A dart slug (D:1)
  4 leopard geckos
  103 orcs
  A ball python (Lair:3)
  9 giant cockroaches
  14 goblins
  8 hobgoblins
  18 jackals
  18 kobolds
  6 quokkas
  2 bats
  2 frilled lizards
  A goblin skeleton (D:12)
  A hobgoblin skeleton (D:12)
  3 hobgoblin zombies (D:12)
  A leopard gecko skeleton (D:6)
  2 orc skeletons (D:12)
  11 orc zombies (D:12)
  4 rats
  5 plants
  2 spectral weapons
  A tentacle (Shoals:3)
1551 creatures vanquished.

Vanquished Creatures (collateral kills)
  A deep elf blademaster (Elf:3)
  A deep elf sorcerer (Elf:3)
  A frost giant (Depths:1)
  2 deep elf demonologists (Elf:3)
  2 deep elf annihilators (Elf:3)
  A merfolk javelineer (Shoals:3)
  A deep elf high priest (Elf:3)
  Erolcha (D:13)
  A yaktaur captain (Vaults:3)
  2 vault guards
  An ice dragon (Vaults:3)
  A merfolk aquamancer (Shoals:3)
  A deep troll earth mage (Depths:1)
  A deep elf knight (Elf:1)
  3 deep elf archers (Elf:1)
  A necromancer (D:14)
  An ironbrand convoker (Vaults:2)
  2 orc knights
  2 orc sorcerers
  3 deep elf magi (Elf:1)
  A manticore (Shoals:4)
  A faun (Shoals:2)
  A water nymph (Shoals:4)
  A merfolk siren (Shoals:1)
  A yaktaur (Vaults:2)
  A tengu conjurer (Depths:1)
  2 merfolk
  A troll (Orc:1)
  A redback (Vaults:2)
  A human (D:14)
  A chaos spawn (Orc:2)
  A yaktaur simulacrum (Vaults:1)
  A hungry ghost (D:13)
  5 orc warriors
  2 centaurs
  2 killer bees (D:13)
  8 orc priests
  2 orc wizards (Orc:1)
  15 orcs
  3 goblin skeletons (D:12)
  A goblin zombie (D:12)
  A hobgoblin zombie (D:12)
  2 orc zombies (D:12)
84 creatures vanquished.

Vanquished Creatures (others)
  A lich (Vaults:3)
  A deep elf master archer (Elf:3)
  3 two-headed ogres (Vaults:1)
  An ogre mage (Vaults:1)
  A naga sharpshooter (Snake:4)
  13 dancing weapons
  A naga mage (Snake:4)
  A komodo dragon (D:14)
  A blink frog (Lair:6)
  2 orc warriors
  An eye of draining (D:14)
  An electric eel (D:14)
  An orc priest (D:5)
  2 orc wizards (D:14)
  An orc (D:14)
  6 fungi
  30 plants
  59 spectral weapons
  8 tentacles (Shoals:3)
134 creatures vanquished.

Grand Total: 1769 creatures vanquished

Notes
Turn   | Place    | Note
-------+----------+-------------------------------------------
     0 | D:1      | KeeTraxx the Gnoll Skald began the quest for the Orb.
     0 | D:1      | Reached XP level 1. HP: 20/20 MP: 6/6
   189 | D:1      | Reached XP level 2. HP: 24/26 MP: 7/7
   673 | D:1      | Reached XP level 3. HP: 31/31 MP: 9/9
   678 | D:1      | Learned a level 3 spell: Regeneration
   682 | D:1      | Learned a level 3 spell: Spectral Weapon
  1049 | D:2      | Reached skill level 5 in Spellcasting
  1059 | D:2      | Found an ornate altar of the Wu Jian Council.
  1167 | D:2      | Reached skill level 1 in Invocations
  1345 | D:2      | Reached skill level 1 in Short Blades
  1345 | D:2      | Reached skill level 1 in Long Blades
  1345 | D:2      | Reached skill level 1 in Axes
  1345 | D:2      | Reached skill level 1 in Maces & Flails
  1345 | D:2      | Reached skill level 1 in Staves
  1345 | D:2      | Reached skill level 1 in Slings
  1345 | D:2      | Reached skill level 1 in Bows
  1345 | D:2      | Reached skill level 1 in Crossbows
  1345 | D:2      | Reached skill level 1 in Throwing
  1345 | D:2      | Reached skill level 1 in Stealth
  1345 | D:2      | Reached skill level 1 in Shields
  1345 | D:2      | Reached skill level 1 in Unarmed Combat
  1345 | D:2      | Reached skill level 1 in Evocations
  1356 | D:2      | Reached XP level 4. HP: 33/38 MP: 8/11
  1391 | D:2      | Learned a level 2 spell: Blink
  1395 | D:2      | Learned a level 3 spell: Mephitic Cloud
  1452 | D:2      | Found a white marble altar of Elyvilon.
  1736 | D:2      | Found a basalt altar of Yredelemnul.
  1874 | D:3      | Reached skill level 1 in Conjurations
  1874 | D:3      | Reached skill level 1 in Hexes
  1874 | D:3      | Reached skill level 1 in Summonings
  1874 | D:3      | Reached skill level 1 in Necromancy
  1874 | D:3      | Reached skill level 1 in Translocations
  1874 | D:3      | Reached skill level 1 in Transmutations
  1874 | D:3      | Reached skill level 1 in Fire Magic
  1874 | D:3      | Reached skill level 1 in Ice Magic
  1874 | D:3      | Reached skill level 1 in Air Magic
  1874 | D:3      | Reached skill level 1 in Earth Magic
  1874 | D:3      | Reached skill level 1 in Poison Magic
  2023 | D:3      | Noticed MJtheKandyman's ghost (amateur HOFi)
  2024 | D:3      | Found a transporter.
  2032 | D:3      | Found a bloodstained altar of Trog.
  2222 | D:3      | Found a transporter.
  2343 | D:3      | Reached XP level 5. HP: 43/43 MP: 12/12
  2654 | D:4      | Found the +10 zealot's sword {holy, *Rage rN+ EV+3}
  2824 | D:4      | Found a runed translucent door.
  2825 | D:4      | Noticed Crazy Yiuf
  2927 | D:4      | Found Hean Ori's Armour Emporium.
  3131 | D:4      | Killed Crazy Yiuf
  3131 | D:4      | Reached XP level 6. HP: 40/50 MP: 8/13
  3228 | D:5      | Entered Level 5 of the Dungeon
  3270 | D:5      | Noticed a sky beast
  3293 | D:5      | Killed a sky beast
  3293 | D:5      | Reached skill level 5 in Fighting
  3293 | D:5      | Reached skill level 5 in Polearms
  3293 | D:5      | Reached skill level 5 in Dodging
  3311 | D:5      | Found Faoceyc's Food Shop.
  3324 | D:5      | Reached XP level 7. HP: 29/56 MP: 11/15
  3396 | D:5      | Noticed Pikel
  3431 | D:5      | Killed Pikel
  3431 | D:5      | Reached XP level 8. HP: 30/63 MP: 8/16
  4373 | D:6      | Reached XP level 9. HP: 56/69 MP: 16/18
  4541 | D:6      | Found a shadowy altar of Dithmenos.
  4658 | D:6      | Found a shimmering blue altar of Sif Muna.
  4846 | D:7      | Got a warped long sword
  4874 | D:7      | Identified the cursed +1 long sword of Ciokiploaxt {drain,
                  | rPois Str+3} (You found it on level 7 of the Dungeon)
  4980 | D:7      | Noticed Duvessa
  4980 | D:7      | Noticed Dowan
  4994 | D:7      | Killed Duvessa
  4994 | D:7      | Reached skill level 5 in Armour
  5034 | D:7      | Found a transporter.
  5036 | D:7      | Noticed a troll
  5039 | D:7      | Found a roughly hewn altar of Beogh.
  5039 | D:7      | Found a transporter.
  5063 | D:7      | Noticed Harold
  5093 | D:7      | Killed Dowan
  5192 | D:7      | Found a staircase to the Ecumenical Temple.
  5279 | Temple   | Entered the Ecumenical Temple
  5520 | Temple   | Became a worshipper of Warmaster Okawaru
  5728 | D:7      | Killed Harold
  5728 | D:7      | Reached * piety under Okawaru
  5728 | D:7      | Reached skill level 5 in Invocations
  5728 | D:7      | Reached XP level 10. HP: 77/77 MP: 14/20
  6069 | D:7      | Reached ** piety under Okawaru
  6069 | D:7      | Reached skill level 5 in Short Blades
  6069 | D:7      | Reached skill level 5 in Long Blades
  6069 | D:7      | Reached skill level 5 in Axes
  6069 | D:7      | Reached skill level 5 in Maces & Flails
  6069 | D:7      | Reached skill level 5 in Staves
  6069 | D:7      | Reached skill level 5 in Slings
  6069 | D:7      | Reached skill level 5 in Bows
  6069 | D:7      | Reached skill level 5 in Crossbows
  6069 | D:7      | Reached skill level 5 in Throwing
  6069 | D:7      | Reached skill level 5 in Stealth
  6069 | D:7      | Reached skill level 5 in Shields
  6069 | D:7      | Reached skill level 5 in Unarmed Combat
  6069 | D:7      | Reached skill level 5 in Evocations
  6207 | D:7      | Got a transparent chain mail
  6218 | D:7      | Identified the cursed +1 chain mail of Suntept {Slay+6}
                  | (You found it on level 7 of the Dungeon)
  6924 | D:8      | Found a radiant altar of Vehumet.
  6964 | D:8      | Reached *** piety under Okawaru
  7262 | D:9      | Noticed Grum
  7271 | D:9      | Killed Grum
  7297 | D:9      | Noticed a two-headed ogre
  7303 | D:9      | Killed a two-headed ogre
  7303 | D:9      | Reached XP level 11. HP: 79/84 MP: 18/22
  7551 | D:9      | Reached **** piety under Okawaru
  7860 | D:9      | Reached skill level 5 in Conjurations
  7860 | D:9      | Reached skill level 5 in Hexes
  7860 | D:9      | Reached skill level 5 in Summonings
  7860 | D:9      | Reached skill level 5 in Necromancy
  7860 | D:9      | Reached skill level 5 in Translocations
  7860 | D:9      | Reached skill level 5 in Transmutations
  7860 | D:9      | Reached skill level 5 in Fire Magic
  7860 | D:9      | Reached skill level 5 in Ice Magic
  7860 | D:9      | Reached skill level 5 in Air Magic
  7860 | D:9      | Reached skill level 5 in Earth Magic
  7860 | D:9      | Reached skill level 5 in Poison Magic
  7900 | D:9      | Noticed Erica
  7913 | D:9      | Killed Erica
  7913 | D:9      | Received a gift from Okawaru
  8022 | D:10     | Entered Level 10 of the Dungeon
  8266 | D:10     | Found a staircase to the Lair.
  8285 | D:10     | Received a gift from Okawaru
  8320 | D:10     | Noticed Josephine
  8352 | D:10     | Killed Josephine
  8352 | D:10     | Reached ***** piety under Okawaru
  8352 | D:10     | Received a gift from Okawaru
  8920 | D:11     | Found a flagged portal.
  8921 | D:11     | Noticed a wizard
  8929 | Bailey   | Entered a bailey
  8989 | Bailey   | Noticed an orc knight
  8991 | Bailey   | Noticed an orc knight
  9244 | Bailey   | Killed an orc knight
  9274 | Bailey   | Killed an orc knight
  9274 | Bailey   | Received a gift from Okawaru
  9274 | Bailey   | Reached XP level 12. HP: 93/93 MP: 15/24
  9823 | D:11     | Received a gift from Okawaru
  9859 | D:11     | Got an ancient helmet {god gift}
  9870 | D:11     | Identified the +0 helmet of Coronation {rPois MP+9 Str-4
                  | Dex+2} (Okawaru gifted it to you on level 11 of the
                  | Dungeon)
 10081 | D:11     | Found a runed translucent door.
 10081 | D:11     | Noticed kaycho's ghost (journeyman DrTm)
 10404 | D:11     | Killed kaycho's ghost
 10832 | D:12     | Found Ocaihak's Armour Boutique.
 10848 | D:12     | Reached ****** piety under Okawaru
 11073 | D:12     | Noticed a sun demon
 11172 | D:12     | Noticed a death knight
 11200 | D:12     | Killed a death knight
 11200 | D:12     | Reached XP level 13. HP: 101/101 MP: 26/26
 11305 | Lair:1   | Entered Level 1 of the Lair of Beasts
 11505 | Lair:1   | Found a glowing silver altar of Zin.
 11539 | Lair:1   | Received a gift from Okawaru
 11696 | Lair:1   | Found a blossoming altar of Fedhas.
 11752 | Lair:1   | Learned a level 1 spell: Confusing Touch
 11754 | Lair:1   | Learned a level 1 spell: Summon Butterflies
 12536 | Lair:2   | Found a sparkling altar of Nemelex Xobeh.
 12841 | Lair:3   | Found a staircase to the Snake Pit.
 13269 | Lair:3   | Found a staircase to the Shoals.
 13556 | Lair:3   | Received a gift from Okawaru
 13735 | Lair:3   | Received a gift from Okawaru
 13744 | Lair:3   | Received a gift from Okawaru
 13744 | Lair:3   | Reached skill level 10 in Spellcasting
 13962 | Lair:4   | Reached XP level 14. HP: 109/109 MP: 28/28
 14209 | Lair:4   | Received a gift from Okawaru
 14431 | Lair:4   | Reached skill level 10 in Fighting
 14431 | Lair:4   | Reached skill level 10 in Polearms
 14431 | Lair:4   | Reached skill level 10 in Dodging
 14880 | Lair:5   | Noticed Sonja
 14887 | Lair:4   | Learned a level 3 spell: Tukima's Dance
 14901 | Lair:5   | Killed Sonja
 15071 | Lair:5   | Identified the +3 trident of Punishment {pierce, rElec
                  | Str+3} (You found it on level 5 of the Lair of Beasts)
 15101 | Lair:5   | Noticed Urug
 15117 | Lair:5   | Killed Urug
 15323 | Lair:5   | Received a gift from Okawaru
 15442 | Lair:5   | Reached skill level 10 in Invocations
 15817 | Lair:6   | Entered Level 6 of the Lair of Beasts
 15853 | Lair:6   | Found a staircase to the Slime Pits.
 15935 | Lair:6   | Received a gift from Okawaru
 16068 | Lair:6   | Received a gift from Okawaru
 16264 | Lair:6   | Found a transporter.
 16273 | Lair:6   | Found a bloodstained altar of Trog.
 16279 | Lair:6   | Found a transporter.
 16280 | Lair:6   | Identified the +7 spear "Brush" {pierce, rC+ Str+5}
 16280 | Lair:6   | Identified the cursed +3 spear of Offence {antimagic, rPois
                  | MR+ Str+3 Dex-5}
 16281 | Lair:6   | Noticed Litydd's ghost (journeyman OpCj)
 16835 | Lair:6   | Learned a level 3 spell: Conjure Flame
 16867 | Lair:6   | Reached XP level 15. HP: 107/117 MP: 29/29
 16873 | Lair:6   | Received a gift from Okawaru
 16933 | Lair:6   | Reached skill level 10 in Armour
 17429 | Snake:1  | Entered Level 1 of the Snake Pit
 17452 | Snake:1  | Received a gift from Okawaru
 17593 | Snake:1  | Found Neb Womo's Gadget Shoppe.
 17594 | Snake:1  | Found Vuqaaj's Jewellery Shop.
 17596 | Snake:1  | Found Warus's Jewellery Shop.
 17729 | Snake:1  | Found the +9 staff of Olgreb {rPois}
 18140 | Snake:1  | Found a basalt altar of Yredelemnul.
 18541 | Snake:2  | Reached skill level 10 in Charms
 19683 | Snake:3  | Noticed Saint Roka
 19732 | Snake:3  | Reached skill level 10 in Short Blades
 19732 | Snake:3  | Reached skill level 10 in Long Blades
 19732 | Snake:3  | Reached skill level 10 in Axes
 19732 | Snake:3  | Reached skill level 10 in Maces & Flails
 19732 | Snake:3  | Reached skill level 10 in Staves
 19732 | Snake:3  | Reached skill level 10 in Slings
 19732 | Snake:3  | Reached skill level 10 in Bows
 19732 | Snake:3  | Reached skill level 10 in Crossbows
 19732 | Snake:3  | Reached skill level 10 in Throwing
 19732 | Snake:3  | Reached skill level 10 in Stealth
 19732 | Snake:3  | Reached skill level 10 in Shields
 19732 | Snake:3  | Reached skill level 10 in Unarmed Combat
 19732 | Snake:3  | Reached skill level 10 in Evocations
 19896 | Snake:3  | Received a gift from Okawaru
 20640 | Snake:3  | Killed Saint Roka
 20915 | Snake:3  | Received a gift from Okawaru
 21172 | Snake:3  | Received a gift from Okawaru
 21173 | Snake:3  | Got a crude chain mail {god gift}
 21174 | Snake:3  | Identified the +8 chain mail of the Unstoppable Ships
                  | {rCorr Str+4} (Okawaru gifted it to you on level 3 of the
                  | Snake Pit)
 21336 | Snake:3  | Reached XP level 16. HP: 117/125 MP: 31/31
 21672 | Snake:4  | Entered Level 4 of the Snake Pit
 21675 | Snake:4  | Noticed a nagaraja
 21679 | Snake:4  | Noticed a nagaraja
 21791 | Snake:4  | Noticed Flugslaktarn's ghost (journeyman DDFi)
 21858 | Snake:4  | Found a transporter.
 21904 | Snake:4  | Noticed a nagaraja
 22000 | Snake:4  | Killed a nagaraja
 22196 | Snake:4  | Noticed a nagaraja
 22206 | Snake:4  | Killed a nagaraja
 22238 | Snake:4  | Found a transporter.
 22708 | Snake:3  | Learned a level 1 spell: Apportation
 22713 | Snake:3  | Learned a level 4 spell: Passage of Golubria
 22720 | Snake:3  | Learned a level 6 spell: Invisibility
 22846 | Snake:4  | Noticed a nagaraja
 22865 | Snake:4  | Killed a nagaraja
 23060 | Snake:4  | Noticed a nagaraja
 23063 | Snake:4  | Got a serpentine rune of Zot
 23101 | Snake:4  | Killed a nagaraja
 23347 | Snake:4  | Killed a nagaraja
 23547 | Snake:4  | Received a gift from Okawaru
 23763 | Snake:4  | Killed a nagaraja
 24179 | Shoals:1 | Entered Level 1 of the Shoals
 24481 | Shoals:1 | Received a gift from Okawaru
 24810 | Shoals:1 | Reached XP level 17. HP: 87/133 MP: 21/33
 24944 | Shoals:1 | Identified the +0 robe of the Endless Expanse {rElec MR+++
                  | Int-2 Stlth+}
 24945 | Shoals:1 | Found a transporter.
 24980 | Shoals:1 | Received a gift from Okawaru
 25078 | Shoals:1 | Found a transporter.
 25118 | Shoals:1 | Identified a scroll of acquirement
 25208 | Shoals:1 | Got a pair of steaming boots
 25209 | Shoals:1 | Identified the -3 pair of boots "Effain" {*Slow rElec rC-
                  | MR+++ Int+10} (You acquired it on level 1 of the Shoals)
 26946 | Shoals:3 | Received a gift from Okawaru
 27224 | Shoals:3 | Noticed a kraken
 27238 | Shoals:2 | Learned a level 5 spell: Fireball
 27320 | Shoals:3 | Killed a kraken
 27320 | Shoals:3 | Received a gift from Okawaru
 28390 | Shoals:4 | Entered Level 4 of the Shoals
 28555 | Shoals:4 | Noticed Ilsuiw
 28566 | Shoals:4 | Received a gift from Okawaru
 29253 | Shoals:4 | Reached skill level 10 in Conjurations
 29253 | Shoals:4 | Reached skill level 10 in Hexes
 29253 | Shoals:4 | Reached skill level 10 in Summonings
 29253 | Shoals:4 | Reached skill level 10 in Necromancy
 29253 | Shoals:4 | Reached skill level 10 in Translocations
 29253 | Shoals:4 | Reached skill level 10 in Transmutations
 29253 | Shoals:4 | Reached skill level 10 in Fire Magic
 29253 | Shoals:4 | Reached skill level 10 in Ice Magic
 29253 | Shoals:4 | Reached skill level 10 in Air Magic
 29253 | Shoals:4 | Reached skill level 10 in Earth Magic
 29253 | Shoals:4 | Reached skill level 10 in Poison Magic
 29472 | Shoals:4 | Received a gift from Okawaru
 29477 | Shoals:4 | Reached XP level 18. HP: 141/141 MP: 33/34
 29768 | Shoals:4 | Received a gift from Okawaru
 29788 | Shoals:4 | Received a gift from Okawaru
 29789 | Shoals:4 | Found the +2 pair of boots of the Assassin {Detection Stab+
                  | Stlth++}
 30333 | Shoals:4 | Learned a level 4 spell: Summon Lightning Spire
 30424 | Shoals:4 | Got a barnacled rune of Zot
 30888 | Shoals:4 | Killed Ilsuiw
 31405 | D:12     | Found a staircase to the Orcish Mines.
 32337 | Snake:1  | Bought the ring of Osmodgh {rPois rC+} for 615 gold pieces
 32537 | D:12     | Found a blossoming altar of Fedhas.
 32796 | Orc:1    | Entered Level 1 of the Orcish Mines
 33363 | Orc:2    | Entered Level 2 of the Orcish Mines
 33363 | Orc:2    | Found a staircase to the Elven Halls.
 33906 | Orc:2    | Found Puokyc's Food Shoppe.
 33907 | Orc:2    | Found Qoyleuss's General Store.
 34457 | Orc:2    | Found Dobrefoi's Book Boutique.
 34457 | Orc:2    | Found Gebruet's Antique Weapon Shop.
 34462 | Orc:2    | Received a gift from Okawaru
 34481 | Orc:2    | Found a one-way gate leading to the halls of Pandemonium.
 35068 | D:13     | Received a gift from Okawaru
 35139 | D:13     | Noticed Erolcha
 35151 | D:13     | Killed Erolcha
 35616 | D:13     | Got a brightly glowing amber ring
 35617 | D:13     | Identified the ring of Getsilomm {Wiz Str+2 Int+6} (You
                  | found it on level 13 of the Dungeon)
 35838 | D:13     | Noticed Rupert
 35843 | D:13     | Killed Rupert
 36580 | D:14     | Reached XP level 19. HP: 141/149 MP: 22/36
 36611 | D:14     | Identified the +10 broad axe of Righteous Anger {protect,
                  | SInv}
 36715 | D:14     | Found a gate to the Vaults.
 36765 | D:15     | Entered Level 15 of the Dungeon
 37280 | D:15     | Received a gift from Okawaru
 37292 | D:15     | Found a staircase to the Depths.
 37418 | D:15     | Received a gift from Okawaru
 37810 | Elf:1    | Entered Level 1 of the Elven Halls
 37918 | Elf:1    | Received a gift from Okawaru
 38939 | Elf:1    | Noticed Asterion
 38946 | Elf:1    | Killed Asterion
 39242 | Elf:2    | Found a runed translucent gate.
 39242 | Elf:2    | Found a runed translucent gate.
 39242 | Elf:2    | Found a runed translucent gate.
 39262 | Elf:2    | Found Wewniera's Jewellery Shoppe.
 39272 | Elf:2    | Bought an uncursed ring of protection from magic for 425
                  | gold pieces
 39373 | Elf:2    | Got a pair of bloodstained boots
 39374 | Elf:2    | Identified the +2 pair of boots of Kleptomania {+Blink
                  | rPois} (You acquired it on level 2 of the Elven Halls)
 39642 | Elf:2    | Received a gift from Okawaru
 39749 | Elf:2    | Identified a +0 pair of boots of running (Okawaru gifted it
                  | to you on level 2 of the Elven Halls)
 39907 | Elf:3    | Entered Level 3 of the Elven Halls
 39962 | Elf:3    | Found a bloodstained altar of Trog.
 39987 | Elf:3    | Identified the Compendium of Flying Intoxication
 40511 | Elf:3    | Reached XP level 20. HP: 157/157 MP: 29/37
 41160 | Elf:3    | Noticed a Brimstone Fiend
 41424 | Elf:3    | Identified the +11 dagger of Ran Kana {elec, Str+2}
 41424 | Elf:3    | Identified the amulet of Keseadog {+Rage rPois MR+}
 41554 | Elf:3    | Received a gift from Okawaru
 41606 | Elf:3    | Identified the Papyrus of Companions and Darkness
 41612 | Elf:3    | Identified the ring of Minyeh {*Corrode rPois rN++}
 41703 | Elf:3    | Found the +8 storm bow {elec, penet}
 41726 | Elf:3    | Identified Kots's Grimoire of Displacement and Talismans
 41899 | D:13     | Learned a level 6 spell: Deflect Missiles
 41996 | Depths:1 | Entered Level 1 of the Depths
 42022 | Depths:1 | Received a gift from Okawaru
 42048 | Depths:1 | Found a runed translucent gate.
 42050 | Depths:1 | Found a runed translucent gate.
 42050 | Depths:1 | Found an opulent altar of Gozag.
 42052 | Depths:1 | Noticed a juggernaut
 42052 | Depths:1 | Noticed TheNamelessOne's ghost (journeyman FoFi)
 42053 | Depths:1 | Found a runed translucent gate.
 42053 | Depths:1 | Found Zamuraonn's Assorted Antiques.
 42053 | Depths:1 | Found Ileskapro's Assorted Antiques.
 42107 | Depths:1 | Received a gift from Okawaru
 42227 | Depths:1 | Received a gift from Okawaru
 42342 | Depths:1 | Received a gift from Okawaru
 42343 | Depths:1 | Identified the +2 cloak "Beerem" {rElec Str+3 Dex+2}
                  | (Okawaru gifted it to you on level 1 of the Depths)
 42530 | Elf:2    | Bought the ring "Niw Joon" {Ice +Blink rElec rPois} for 853
                  | gold pieces
 42533 | Elf:2    | Upgraded the game from 0.24.0-37-gcf1ca852f1 to
                  | 0.24.0-41-g2ae2f7f1be
 42896 | Vaults:1 | Entered Level 1 of the Vaults
 42909 | Vaults:1 | Learned a level 6 spell: Freezing Cloud
 42916 | Vaults:1 | Learned a level 6 spell: Shadow Creatures
 43402 | Vaults:1 | Noticed Nikola
 43419 | Vaults:1 | Killed Nikola
 43723 | Vaults:1 | Found a portal to a secret trove of treasure.
 43757 | Vaults:1 | You paid a toll of 3 potions of resistance to enter a
                  | treasure trove
 43758 | Trove    | Entered a treasure trove
 43762 | Trove    | Found the +7 captain's cutlass {speed, disarm}
 43790 | Trove    | Identified the +8 hunting sling of Eho Pasu {venom, rElec
                  | rN+} (You found it in a treasure trove)
 43798 | Trove    | Identified the +6 bardiche of Onkumit {drain, *Rage +Inv
                  | rPois SInv} (You found it in a treasure trove)
 43803 | Trove    | Identified the +9 quick blade of Indomitability {flame,
                  | rC+} (You found it in a treasure trove)
 44137 | Vaults:1 | Reached XP level 21. HP: 165/165 MP: 31/39
 44292 | Vaults:1 | Identified the +1 great sword of Suicidal Tendencies
                  | {flame, Str+2 Int+4} (You found it on level 1 of the
                  | Vaults)
 44545 | Vaults:1 | Received a gift from Okawaru
 44927 | Vaults:2 | Found Toxkairch's Book Shoppe.
 44947 | Vaults:2 | Received a gift from Okawaru
 45017 | Vaults:2 | Reached skill level 15 in Invocations
 45087 | Vaults:2 | Noticed a bone dragon
 45088 | Vaults:2 | Found a staircase to the Crypt.
 45089 | Vaults:2 | Killed a bone dragon
 45613 | Vaults:2 | Reached skill level 15 in Polearms
 45662 | Vaults:2 | Received a gift from Okawaru
 47063 | Vaults:3 | You fall into a shaft and drop 1 floor!
 47191 | Vaults:3 | Found a runed translucent gate.
 47191 | Vaults:3 | Found a runed translucent gate.
 47191 | Vaults:3 | Found a runed translucent gate.
 47191 | Vaults:3 | Found an ancient bone altar of Kikubaaqudgha.
 47191 | Vaults:3 | Noticed an ancient lich
 47191 | Vaults:3 | Noticed deprived's ghost (veteran HOFi)
 47191 | Vaults:3 | Noticed astronautguy's ghost (master FoEE)
 47192 | Vaults:3 | Noticed an ancient lich
 47354 | Vaults:3 | Found Vunly's Antique Armour Boutique.
 47750 | Vaults:3 | Killed an ancient lich
 47750 | Vaults:3 | Received a gift from Okawaru
 47750 | Vaults:3 | Reached XP level 22. HP: 173/173 MP: 20/40
 47757 | Vaults:3 | Killed an ancient lich
 47786 | Vaults:3 | Slain by deprived's ghost

Levels and vault maps discovered:
D:1:      kennysheep_arrival_forest, layout_loops_corners
D:2:      layout_basic, marbit_many_paths, kennysheep_ying_yang, corexii_shack
D:3:      layout_basic, bloody_trog, gammafunk_ghost_arena, first_ration
D:4:      layout_loops_ring, nicolae_overflow_hidden_temple, serial_shops, shop,
          uniq_crazy_yiuf_cottage
D:5:      layout_cave_pools, serial_shops, nicolae_shop_behind_doors,
          nzn_random_ring, uniq_pikel
D:6:      layout_rooms, led_sif_book, old_standard_altar, minmay_bent
D:7:      gammafunk_beogh_shrine, layout_basic, minmay_temple_entry_waves,
          uniq_duvessa, uniq_harold
D:8:      layout_cave_pods, kennysheep_mini, hangedman_pestilent_swarm
D:9:      layout_small_grid, minmay_ruffians, uniq_erica, uniq_grum
D:10:     layout_irregular_city, erik_lair_orcish_takeover, uniq_josephine
D:11:     layout_layer_cave, enter_bailey_2, ebering_ghost_reflecting_pool
D:12:     layout_roguey, zombieorc2_lemuel, serial_corexii_hall,
          corexii_hall_statues_l, chequers_hall_statues_y, serial_shops,
          nicolae_shop_trees, fedhas_bush_and_centaur_altar
D:13:     layout_loops_ring, grunt_ministairs_7, billiards_dpeg, uniq_rupert,
          uniq_erolcha
D:14:     layout_roguey, grunt_vaults_entry_tiered, chequers_decorated_corner,
          lemuel_freeze_loot_1
D:15:     grunt_enter_depths_magical_seal, layout_basic
Temple:   oiseaux_autumnal_temple
Lair:1:   wad_woods_stonehenge, layout_hall_layers, basic_altar, pond
Lair:2:   layout_gridlike, basic_altar, minivault_24,
          chequers_serial_rivers_room_a, st_stairs_13
Lair:3:   layout_concentric_octagons, minmay_shoals_entry_hut,
          minmay_snake_entry_six_corridors, minmay_another_anthill
Lair:4:   layout_loops_ring, beast_lair_carwin_11
Lair:5:   layout_loops_ring, lemuel_fruit_fields, grunt_megastairs_4,
          lemuel_fruit_tree, uniq_urug, uniq_sonja
Lair:6:   grunt_lair_end_beastmaster, layout_regular_city,
          nicolae_slime_entry_slimehenge, gammafunk_ghost_wrathful_warriors,
          serial_rivers, chequers_serial_rivers_small_b,
          chequers_serial_rivers_large_a, chequers_serial_rivers_small_3,
          chequers_serial_rivers_small_b
Shoals:1: gammafunk_the_bubble [the_bubble_gammafunk_plus_minus], layout_shoals
Shoals:2: layout_shoals, nicolae_shoals_flooded_hall
Shoals:3: layout_shoals
Shoals:4: shoals_end_grunt_ice, layout_shoals, shoal_ilsuiw
Snake:1:  layout_gridlike, basic_altar, hangedman_snake_pattern,
          minmay_shop_grove
Snake:2:  layout_layer_cave
Snake:3:  layout_onion, st_stairs_12, uniq_saint_roka
Snake:4:  snake_pit, layout_onion_interference, gammafunk_ghost_arena,
          special_room, drop_trap
Orc:1:    layout_caves, sword_in_stone
Orc:2:    pf_orc_diabolical, layout_diamond_mine
Elf:1:    elf_arrival_002, layout_loops_corners, minmay_elf_crystal_heptagon,
          uniq_asterion
Elf:2:    layout_gridlike, serial_shops, nicolae_shop_waterfront, minivault_16,
          grunt_megastairs_2
Elf:3:    minmay_elf_hall_curves, layout_loops_cross, roderic_roman_lattice,
          evilmike_spriggan_trog_shrine
Vaults:1: ontoclasm_vaults_idyll, ontoclasm_vaults_loading_screen,
          hangedman_vaults_stretched_pinwheel, v_rooms_1, vaults_room_door_ring,
          v_misc_26, v_misc_9, v_misc_33, hangedman_vaults_impose,
          vaults_room_door_ring, nicolae_vaults_shelves_hall, vaults_dpeg_cross,
          nicolae_vaults_little_squares_2, nicolae_vaults_mini_display_case,
          layout_vaults_quadrants, enter_trove_1, uniq_nikola
Vaults:2: v_misc_13, hangedman_vaults_impose, minmay_crypt_entry_nasty_monster,
          hangedman_vaults_stitches, v_misc_3, nicolae_vaults_yaktaur_gun_rack,
          v_misc_2, nicolae_vaults_hallways_thing, hangedman_vaults_cutoff,
          nicolae_vaults_three_branches, nicolae_vaults_little_ls,
          nicolae_vaults_little_squares_4, layout_vaults_ring, serial_shops,
          shop
Vaults:3: gammafunk_vaults_ghost_crypt, vaults_mumra_minichess,
          nicolae_vaults_triangles, ontoclasm_vaults_eye, v_misc_10,
          vaults_room_semicircle, vaults_mumra_chevron,
          nicolae_vaults_shelves_hall, vaults_dpeg_ring, st_check,
          layout_vaults_chaotic_city, serial_shops, shop
Vaults:4: v_pattern_1, hangedman_vaults_river_flow, v_rooms_4, v_misc_27,
          grunt_vaults_swirl, dpeg_vaults_monster_box,
          nicolae_vaults_an_arrangement, nicolae_vaults_little_squares_2,
          v_misc_22, vaults_room_ringed_pool, layout_vaults_maze_bifur,
          serial_shops, nicolae_shop_waterfront
Depths:1: layout_gridville, enter_ziggurat_d, ebering_ghost_gozag,
          minmay_misc_feat_tower, pf_coc_iceberg, chequers_big_river,
          nemelex_xobeh_ov_fountains_minmay

Skill      XL: |  1  2  3  4  5  6  7  8  9 10 11 12 13 14 15 16 17 18 19 20 21 |
---------------+----------------------------------------------------------------+-----
Spellcasting   | 5 6 7 8 9 10 11 12 13 14 | 14.8
Invocations    | 1 2 3 4 5 6 7 8 9 10 11 12 13 14 15 | 15.5
Short Blades   | 1 2 3 4 5 6 7 8 9 10 11 12 13 14 | 14.1
Long Blades    | 1 2 3 4 5 6 7 8 9 10 11 12 13 14 | 14.1
Axes           | 1 2 3 4 5 6 7 8 9 10 11 12 13 14 | 14.1
Maces & Flails | 1 2 3 4 5 6 7 8 9 10 11 12 13 14 | 14.1
Staves         | 1 2 3 4 5 6 7 8 9 10 11 12 13 14 | 14.1
Slings         | 1 2 3 4 5 6 7 8 9 10 11 12 13 14 | 14.1
Bows           | 1 2 3 4 5 6 7 8 9 10 11 12 13 14 | 14.1
Crossbows      | 1 2 3 4 5 6 7 8 9 10 11 12 13 14 | 14.1
Throwing       | 1 2 3 4 5 6 7 8 9 10 11 12 13 14 | 14.1
Stealth        | 1 2 3 4 5 6 7 8 9 10 11 12 13 14 | 14.1
Shields        | 1 2 3 4 5 6 7 8 9 10 11 12 13 14 | 14.1
Unarmed Combat | 1 2 3 4 5 6 7 8 9 10 11 12 13 14 | 14.1
Evocations     | 1 2 3 4 5 6 7 8 9 10 11 12 13 14 | 14.1
Conjurations   | 1 2 3 4 5 6 7 8 9 10 11 12 | 12.2
Hexes          | 1 2 3 4 5 6 7 8 9 10 11 12 | 12.2
Summonings     | 1 2 3 4 5 6 7 8 9 10 11 12 | 12.2
Necromancy     | 1 2 3 4 5 6 7 8 9 10 11 12 | 12.2
Translocations | 1 2 3 4 5 6 7 8 9 10 11 12 | 12.2
Transmutations | 1 2 3 4 5 6 7 8 9 10 11 12 | 12.2
Fire Magic     | 1 2 3 4 5 6 7 8 9 10 11 12 | 12.2
Ice Magic      | 1 2 3 4 5 6 7 8 9 10 11 12 | 12.2
Air Magic      | 1 2 3 4 5 6 7 8 9 10 11 12 | 12.2
Earth Magic    | 1 2 3 4 5 6 7 8 9 10 11 12 | 12.2
Poison Magic   | 1 2 3 4 5 6 7 8 9 10 11 12 | 12.2
Armour         | 3 4 5 6 7 8 9 10 11 12 13 14 | 14.3
Fighting       | 5 6 7 8 9 10 11 12 13 14 | 14.7
Polearms       | 5 6 7 8 9 10 11 12 13 14 15 | 15.6
Dodging        | 5 6 7 8 9 10 11 12 13 14 | 14.7
Charms         | 6 7 8 9 10 11 12 13 | 13.1

Action                   |  1- 3 |  4- 6 |  7- 9 | 10-12 | 13-15 | 16-18 | 19-21 | 22-24 || total
-------------------------+-------+-------+-------+-------+-------+-------+-------+-------++-------
Melee: Spear             |   103 |    68 |       |       |       |       |       |       ||   171
       Bite              |    10 |    19 |    22 |    54 |   155 |   126 |    80 |     1 ||   467
       Dagger            |       |    83 |   155 |       |       |       |       |       ||   238
       Punch             |       |       |     4 |     7 |       |       |       |       ||    11
       Eudemon blade     |       |       |    26 |   293 |   314 |   372 |       |       ||  1005
       Long sword        |       |       |       |    59 |    16 |       |       |       ||    75
       Scimitar          |       |       |       |       |     9 |       |       |       ||     9
       Trident           |       |       |       |       |   702 |   725 |       |       ||  1427
       Demon blade       |       |       |       |       |       |     6 |       |       ||     6
       Demon trident     |       |       |       |       |       |   315 |   844 |    23 ||  1182
Throw: Javelin           |     7 |       |    19 |    27 |    15 |    64 |    41 |       ||   173
       Throwing net      |       |       |     1 |     1 |       |       |       |       ||     2
       Dart              |       |       |       |       |     1 |     4 |       |       ||     5
 Cast: Infusion          |     1 |       |       |       |       |       |       |       ||     1
       Spectral Weapon   |     3 |    18 |    26 |    56 |   136 |   193 |   119 |     1 ||   552
       Regeneration      |     1 |     3 |     8 |    13 |    41 |   126 |    39 |       ||   231
       Mephitic Cloud    |       |     1 |     5 |    24 |     6 |       |       |       ||    36
       Blink             |       |     1 |     2 |       |     2 |     3 |       |       ||     8
       Confusing Touch   |       |       |       |       |     3 |     2 |       |       ||     5
       Summon Butterflie |       |       |       |       |     4 |       |       |       ||     4
       Conjure Flame     |       |       |       |       |     3 |       |       |       ||     3
       Tukima's Dance    |       |       |       |       |    15 |    62 |     2 |       ||    79
       Apportation       |       |       |       |       |       |     1 |       |       ||     1
       Fireball          |       |       |       |       |       |    60 |    15 |       ||    75
       Invisibility      |       |       |       |       |       |     2 |     1 |       ||     3
       Summon Lightning  |       |       |       |       |       |    29 |    48 |       ||    77
       Freezing Cloud    |       |       |       |       |       |       |    12 |       ||    12
       Deflect Missiles  |       |       |       |       |       |       |     3 |       ||     3
       Shadow Creatures  |       |       |       |       |       |       |     4 |     2 ||     6
Invok: Heroism           |       |       |       |     2 |    12 |    18 |     4 |     1 ||    37
       Finesse           |       |       |       |       |     1 |     5 |     1 |       ||     7
Evoke: Wand              |       |       |       |       |    12 |       |     1 |     1 ||    14
       Sack of spiders   |       |       |       |       |     1 |       |       |       ||     1
       Staff of Olgreb   |       |       |       |       |       |     1 |       |       ||     1
  Use: Scroll            |       |       |    14 |    10 |    18 |    16 |    22 |     1 ||    81
       Potion            |       |       |     1 |       |     2 |     8 |     1 |       ||    12
 Stab: Sleeping          |     4 |     4 |     3 |     4 |    10 |    18 |    75 |       ||   118
       Distracted        |       |     1 |     2 |     2 |    19 |    45 |    33 |       ||   102
       Confused          |       |       |     2 |    12 |    11 |       |       |       ||    25
       Invisible         |       |       |       |       |       |     1 |       |       ||     1
  Eat: Chunk             |     2 |     8 |     6 |    16 |    26 |    51 |    40 |       ||   149
       Ration            |       |       |     1 |     1 |     3 |     5 |     2 |       ||    12
Armor: Leather armour    |    13 |    21 |    28 |       |       |       |       |       ||    62
       Ring mail         |       |       |     1 |    78 |   195 |   271 |    37 |       ||   582
       Scale mail        |       |       |       |       |       |     8 |       |       ||     8
       Fire dragon scale |       |       |       |       |       |       |    43 |     8 ||    51
Dodge: Dodged            |    59 |    81 |   116 |   319 |   541 |   817 |   164 |     7 ||  2104
       Deflected         |       |       |       |       |       |       |    24 |     2 ||    26
Block: Buckler           |       |       |       |    13 |   231 |   327 |       |       ||   571
       Shield            |       |       |       |       |       |    69 |   274 |    12 ||   355
       Reflection        |       |       |       |       |       |     3 |    35 |       ||    38
       Rpst.: Eudemon blade |       |       |     5 |    57 |    56 |    68 |       |       ||   186
       Long sword        |       |       |       |    26 |     5 |       |       |       ||    31
       Demon blade       |       |       |       |       |       |     2 |       |       ||     2
